 Dungeon Crawl Stone Soup version 0.27.0-1-g7a089689b8 (webtiles) character file.

Game seed: 13987899586159131054

110 Sin92 the Skirmisher (level 4, -6/35 HPs)
             Began as a Demonspawn Fighter on Aug 3, 2021.
             Mangled by Sigmund (9 damage)
             ... on level 3 of the Dungeon.
             The game lasted 00:01:16 (2314 turns).

Sin92 the Skirmisher (Demonspawn Fighter)           Turns: 2314, Time: 00:01:17

Health: -6/35      AC:  6    Str: 18    XL:     4   Next: 61%
Magic:  4/4        EV:  7    Int: 13    God:
Gold:   100        SH:  9    Dex: 12    Spells: 3/3 levels left

rFire    . . .     SeeInvis .   a - +0 war axe
rCold    . . .     Faith    .   c - +0 kite shield
rNeg     . . .     Spirit   .   b - +0 scale mail
rPois    .         Reflect  .   (no helmet)
rElec    .         Harm     .   (no cloak)
rCorr    .         Rampage  .   (no gloves)
Will     .....                  (no boots)
Stlth    ..........             (no amulet)
HPRegen  1.11/turn              (no ring)
MPRegen  0.09/turn              (no ring)

@: mighty, unable to read, hasted, very quick
A: hooves 1, big brain 2, regeneration 1, screaming 1, inability to read while
threatened
a: no special abilities


You were on level 3 of the Dungeon.
You visited 1 branch of the dungeon, and saw 3 of its levels.

You collected 100 gold pieces.

Inventory:

Hand Weapons
 a - a +0 war axe (weapon)
Armour
 b - a +0 scale mail (worn)
 c - a +0 kite shield (worn)
Jewellery
 i - a ring of wizardry
Scrolls
 e - a scroll of identify {unknown}
 f - 2 scrolls of noise {unknown}
 h - 2 scrolls of teleportation {unknown}


   Skills:
 + Level 3.5 Fighting
 * Level 2.9 Axes
 + Level 3.1 Armour
 + Level 1.1 Dodging
 + Level 3.2 Shields


You had 3 spell levels left.
You didn't know any spells.
Your spell library was empty.

Dungeon Overview and Level Annotations

Branches:
Dungeon (3/15)

Altars:

Annotations:
D:3 Sigmund, Terence


Innate Abilities, Weirdness & Mutations

You have large cloven feet.
You have an extremely huge brain. (Int +4)
Your natural rate of healing is unusually fast.
You occasionally shout uncontrollably at your foes.
You sometimes lose the ability to read scrolls when taking damage.


Message History

Unknown command.
There are monsters nearby!
You barely miss Sigmund. You block Terence's attack.
Sigmund mumbles some strange words.
Sigmund flickers and vanishes!
Deactivating autopickup; reactivate with Ctrl-A.
Terence closely misses you.
You hear some strange, mumbled words.
A puff of flame appears from out of thin air!
The puff of flame hits you but does no damage.
There are monsters nearby!
You hit something. Your kick misses something.
Terence hits you from afar with a +0 trident.
You hear some strange, mumbled words.
Something tries to affect you, but you resist.
You block Terence's attack.
Unknown command.
There are monsters nearby!
You barely miss something. Something hits you.
Terence hits you from afar with a +0 trident.
You feel threatened and lose the ability to read scrolls!
Something hits you but does no damage.
Unknown command.
There are monsters nearby!
It was a potion of haste.
You feel yourself speed up. You block Terence's attack.
You hear some strange, mumbled words.
A puff of flame appears from out of thin air!
The puff of flame hits you!
You feel very mighty all of a sudden.
Terence says, "Time to say good-bye..."
Terence barely misses you. Something hits you.
You miss something.
Terence hits you from afar with a +0 trident.
* * * LOW HITPOINT WARNING * * *
Something hits you!
* * * LOW HITPOINT WARNING * * *
You slash something! Terence barely misses you. You block something's attack.
You miss something. You block Terence's attack. Something hits you!
You die...

#.# #.# #.# #.#
#.# #.# ###.###
#.# #.....# #.#
#######.....####.#
.................#
#######.....####.#
#..#..## #@#
#.###..# #{#
##.#.#.# #h@
##.##.# #hh.
####.# ##... #.#
#.## #.# .# #.# .#
#.#


You could see Terence and 3 jackals.

Vanquished Creatures
  An orc wizard (D:3)
  2 adders (D:2)
  3 gnolls (D:2)
  3 orcs (D:3)
  An endoplasm (D:1)
  A giant cockroach (D:2)
  2 goblins
  A hobgoblin (D:2)
  9 jackals (D:2)
  3 ball pythons
  2 bats
  A frilled lizard (D:1)
  5 kobolds
  3 rats
37 creatures vanquished.

Vanquished Creatures (others)
  5 fungi (D:2)
  8 plants (D:2)
13 creatures vanquished.

Grand Total: 50 creatures vanquished

Notes
Turn   | Place    | Note
-------+----------+-------------------------------------------
     0 | D:1      | Sin92 the Demonspawn Fighter began the quest for the Orb.
     0 | D:1      | Reached XP level 1. HP: 18/18 MP: 1/1
   570 | D:1      | Gained mutation: You have large cloven feet. [demonic
                  | ancestry]
   570 | D:1      | Reached XP level 2. HP: 24/24 MP: 2/2
  1564 | D:2      | Gained mutation: You have an unusually large brain. (Int
                  | +2) [demonic ancestry]
  1564 | D:2      | Reached XP level 3. HP: 29/29 MP: 3/3
  1620 | D:2      | Gained mutation: You occasionally shout uncontrollably at
                  | your foes. [potion of mutation]
  1620 | D:2      | Gained mutation: Your natural rate of healing is unusually
                  | fast. [potion of mutation]
  1620 | D:2      | Gained mutation: You sometimes lose the ability to read
                  | scrolls when taking damage. [potion of mutation]
  1627 | D:2      | Reached skill level 1 in Dodging
  1628 | D:2      | Gained mutation: You have an extremely huge brain. (Int +4)
                  | [demonic ancestry]
  1628 | D:2      | Reached XP level 4. HP: 21/35 MP: 4/4
  1815 | D:2      | Found a faded altar of an unknown god.
  2303 | D:3      | Noticed Sigmund
  2303 | D:3      | Noticed Terence
  2312 | D:3      | HP: 1/35 [something (9)]
  2314 | D:3      | Mangled by Sigmund

Illustrated notes

Levels and vault maps discovered:
D:1:      minmay_arrival_split_and_join, layout_basic
D:2:      layout_loops_ring, shapermc_ecumenical_altar_mp_ritualfount
D:3:      layout_loops_ring, chequers_temple_overflow_statue_of_worship,
          minmay_fractal_squares_diagonal_5, uniq_sigmund, uniq_terence

Skill      XL: |  1  2  3 |
---------------+----------+-----
Axes           | 2 |  2.9
Shields        | 3 |  3.2
Armour         | 3 |  3.1
Dodging        | 1 |  1.1
Fighting       | |  3.5

Action                   |  1- 3 |  4- 6 || total
-------------------------+-------+-------++-------
Melee: War axe           |    88 |    24 ||   112
       Kick              |    10 |     2 ||    12
  Use: Potion            |     1 |     2 ||     3
Armor: Scale mail        |    54 |    21 ||    75
Dodge: Dodged            |    43 |    12 ||    55
Block: Kite shield       |    51 |    12 ||    63
